 Dungeon Crawl Stone Soup version 0.28-a0-938-gbc3f381ebc (webtiles) character file.

Game seed: 411961972314743763

70 derath95 the Digger (level 4, 0/24 HPs)
             Began as a Gargoyle Earth Elementalist on Nov 29, 2021.
             Slain by Terence (1 damage)
             ... on level 3 of the Dungeon.
             The game lasted 00:07:30 (2404 turns).

derath95 the Digger (Gargoyle Earth Elementalist)   Turns: 2404, Time: 00:07:30

Health: 0/24       AC:  5    Str: 12    XL:     4   Next: 21%
Magic:  0/8        EV: 11    Int: 16    God:
Gold:   69         SH:  0    Dex: 10    Spells: 8/9 levels left

rFire   . . .      SeeInvis .   k - +0 falchion
rCold   . . .      Faith    .   (no shield)
rNeg    + . .      Spirit   .   b - +0 robe
rPois   ∞          Reflect  .   (no helmet)
rElec   +          Harm     .   (no cloak)
rCorr   .          Rampage  .   (no gloves)
Will    .....                   (no boots)
Stlth   ++........              (no amulet)
HPRegen 0.08/turn               (no ring)
MPRegen 0.11/turn               (no ring)

@: no status effects
A: sickness immunity, AC +3, negative energy resistance 1, electricity
resistance, torment resistance 1, petrification resistance
a: no special abilities


You were on level 3 of the Dungeon.
You visited 1 branch of the dungeon, and saw 3 of its levels.

You collected 69 gold pieces.

Inventory:

Hand Weapons
 k - a +0 falchion (weapon)
Missiles
 c - 34 stones
Armour
 b - a +0 robe (worn)
Scrolls
 d - a scroll of blinking {unknown}
 e - a scroll of fear {unknown}
 f - a scroll of brand weapon {unknown}
 g - 3 scrolls of identify {unknown}
 j - 2 scrolls of noise {unknown}
 n - a scroll of enchant armour {unknown}
Potions
 a - 2 potions of lignification {unknown}
 h - 2 potions of curing {unknown}
 i - a potion of mutation {unknown}
 l - a potion of invisibility {unknown}
 m - a potion of brilliance {unknown}


   Skills:
 - Level 1.5 Dodging
 - Level 2.1 Stealth
 + Level 3.1 Spellcasting
 - Level 0.7 Transmutations
 + Level 5.0 Earth Magic


You had 8 spell levels left.
You knew the following spells:

 Your Spells              Type           Power      Damage    Failure   Level
a - Sandblast             Erth           36%        2d10      2%          1

Your spell library contained the following spells:

 Spells                   Type           Power      Damage    Failure   Level
 Passwall                 Tmut/Erth      9%         N/A       9%          2
 Stone Arrow              Conj/Erth      20%        3d8       21%         3
 Ensorcelled Hibernation  Hex/Ice        4%         N/A       28%         2
 Spider Form              Tmut/Pois      3%         N/A       43%         3
 Petrify                  Tmut/Erth      11%        N/A       50%         4


Dungeon Overview and Level Annotations

Branches:
Dungeon (3/15)

Altars:
Ashenzari

Shops:
D:3 :(

Annotations:
D:3 Terence


Innate Abilities, Weirdness & Mutations

You are immune to sickness and miasma.
Your stone body is resilient. (AC +3)
You are immune to poison.
You resist negative energy. (rN+)
You are resistant to electric shocks. (rElec)
You are resistant to unholy torment.
You are immune to petrification.


Message History

The blast of sand hits Terence!
Terence is heavily wounded.
Terence barely misses you.
Casting: Sandblast (safe; 2% risk of failure)
Confirm with . or Enter, or press ? or * to list all spells.
Aiming: Sandblast (safe; 2% risk of failure)
Press: ? - help, Shift-Dir - straight line, f/p - Terence
Aim: Terence, wielding a +0 falchion and wearing a +3 scale mail (heavily wounded, 82% to hit)
The blast of sand misses Terence.
Terence hits you with a +0 falchion.
You barely miss Terence.
Terence is heavily wounded.
Terence barely misses you.
Casting: Sandblast (safe; 2% risk of failure)
Confirm with . or Enter, or press ? or * to list all spells.
Aiming: Sandblast (safe; 2% risk of failure)
Press: ? - help, Shift-Dir - straight line, f/p - Terence
Aim: Terence, wielding a +0 falchion and wearing a +3 scale mail (heavily wounded, 82% to hit)
The blast of sand hits Terence but does no damage.
Terence is heavily wounded.
Terence shouts, "ATTACK!!!"
Terence hits you with a +0 falchion.
You hit Terence.
Terence is heavily wounded.
Terence closely misses you. Terence hits you with a +0 falchion.
You closely miss Terence.
Terence is heavily wounded.
Terence hits you with a +0 falchion.
You closely miss Terence.
Terence is heavily wounded.
Terence hits you with a +0 falchion.
You hit Terence.
Terence is severely wounded.
Terence hits you with a +0 falchion!
* * * LOW HITPOINT WARNING * * *
You closely miss Terence.
Terence is severely wounded.
Terence hits you with a +0 falchion.
* * * LOW HITPOINT WARNING * * *
Terence hits you with a +0 falchion.
You die...

.... #### .... .#... ....
###.#.## .... #.. #... .... #
#.#####. .... .#.####+# #.......
.... ........## # #.#####. ##+#+#
.........##.#####...#... ##.#.#
..#.@@........###.#.## ...#.#
...#.##.##.###.....#... ...#.#
.........#.....########
...#.####....#.##..#.##.##.# #..
............_#.##..#.#.....####..
..##.####....#.....#.#..##.......
.............#.....#.#..##.#####.
..###.####...#.#####.#..# .# #.
.............#.......#..# .# #.


You could see Terence.

Vanquished Creatures
  2 adders (D:3)
  3 worms
  An orc (D:3)
  2 bats
  6 endoplasms
  2 giant cockroaches (D:2)
  2 goblins (D:2)
  5 hobgoblins
  4 ball pythons
  5 frilled lizards
  4 kobolds
  5 rats
  A toadstool (D:1)
42 creatures vanquished.

Vanquished Creatures (others)
  3 toadstools (D:1)
3 creatures vanquished.

Grand Total: 45 creatures vanquished

Notes
Turn   | Place    | Note
-------+----------+-------------------------------------------
     0 | D:1      | derath95 the Gargoyle Earth Elementalist began the quest
                  | for the Orb.
     0 | D:1      | Reached XP level 1. HP: 10/10 MP: 3/3
   258 | D:1      | Reached skill level 4 in Earth Magic
   262 | D:1      | Reached XP level 2. HP: 15/15 MP: 1/5
   347 | D:1      | Found a faded altar of an unknown god.
   819 | D:2      | Reached XP level 3. HP: 14/19 MP: 0/6
  2092 | D:3      | Reached XP level 4. HP: 24/24 MP: 4/8
  2122 | D:3      | Found Zaidd's Book Shop.
  2148 | D:3      | Reached skill level 5 in Earth Magic
  2164 | D:3      | Found Emithrebb's Antique Weapon Shop.
  2266 | D:3      | Found a broken altar of Ashenzari.
  2387 | D:3      | Noticed Terence
  2404 | D:3      | HP: 1/24 [Terence (4)]
  2404 | D:3      | Slain by Terence

Illustrated notes

Levels and vault maps discovered:
D:1:      ldierk_water_garden, layout_rooms,
          shapermc_ecumenical_altar_mp_vishouse
D:2:      layout_basic
D:3:      layout_basic, overflow_temple_1_default, serial_shops,
          nicolae_lakefront_shop, nicolae_shop_competitors_out_of_business,
          shop, nicolae_shop_crystal, shop, minivault_19,
          minmay_misc_feat_ornament, kennysheep_potato, uniq_terence

Skill      XL: |  1  2  3  4 |
---------------+-------------+-----
Earth Magic    | 4 5 |  5.0
Spellcasting   | 3 |  3.1
Dodging        | |  1.5
Stealth        | |  2.1
Transmutations | |  0.7

Action                   |  1- 3 |  4- 6 || total
-------------------------+-------+-------++-------
Melee: Unarmed           |    34 |       ||    34
       Falchion          |    37 |    10 ||    47
 Cast: Sandblast         |    35 |    11 ||    46
 Stab: Sleeping          |     2 |       ||     2
Armor: Robe              |    29 |     2 ||    31
Dodge: Dodged            |    48 |     7 ||    55

Table legend: (Time is in decaauts)
 A = Elapsed time spent in this place.
 B = Non-inter-level travel time spent in this place.
 C = Inter-level travel time spent in this place.
 D = Time resting spent in this place.
 E = Time spent auto-exploring this place.
 F = Levels seen in this place.
 G = Mean time per level.
                   A        B        C        D        E       F      G
               +--------+--------+--------+--------+--------+-----+--------+
         Total |   2416 |   2416 |      0 |      0 |   1955 |   3 |  805.3 |
       Dungeon |   2416 |   2416 |      0 |      0 |   1955 |   3 |  805.3 |
               +--------+--------+--------+--------+--------+-----+--------+

Top non-repeatable levels by time:
     D:2: 1438 daAuts
     D:1: 654 daAuts
     D:3: 324 daAuts
